AoeStats
← darkwolf

Arabia

510456112Analyzed
4v4 RM · 23h ago on Oct 1, 2026· 52m 38s· 8 players
Game mode
Random Map
Map size
Large (8 player)
Population
200
Speed
Normal
Resources
Standard
Victory
Conquest
Starting age
Dark Age
Ending age
Imperial Age
RankedLock teamsTeams togetherTeam positionsShared explorationLock speedFull tech treeHidden civsTurbo modeCheats
Victory
Defeat
🇩🇪 Goths · Germany
838
+12
🇲🇽 Mongols · Mexico
833
+12
🇨🇴 Vietnamese · Colombia
823
+13
🇬🇹 Bohemians · Guatemala
814
+13
🇺🇸 Ethiopians · United States
777
-13
🇺🇸 Aztecs · United States
761
-13
🇺🇸 Turks · United States
744
-12
🇺🇸 Spanish · United States
727
-12
sascha.m.89x
10:28 Loom
12:30 Feudal Age
18:27 Wheelbarrow
17:53 Horse Collar
18:20 Double-Bit Axe
23:31 Stone Mining
25:54 Castle Age
27:41 Heavy Plow
28:46 Bow Saw
29:49 Squires
29:09 Man-at-Arms
29:13 Pikeman
33:08 Anarchy
33:32 Scale Mail Armor
33:43 Forging
34:57 Chain Mail Armor
35:27 Hand Cart
36:15 Iron Casting
37:30 Stone Shaft Mining
36:48 Gold Mining
40:35 Imperial Age
39:43 Town Watch
40:04 Anarchy
42:40 Two-Man Saw
42:16 Crop Rotation
42:09 Conscription
41:52 Perfusion
42:59 Masonry
42:32 Treadmill Crane
43:03 Masonry
43:55 Elite Huskarl
49:47 Blast Furnace
48:37 Halberdier
Estuardocr7
11:31 Feudal Age
11:00 Loom
14:51 Wheelbarrow
17:29 Double-Bit Axe
21:32 Fletching
28:46 Castle Age
34:55 Hand Cart
38:32 Forging
ElAbueloXD12
10:33 Feudal Age
14:45 Double-Bit Axe
17:42 Fletching
21:34 Loom
26:36 Castle Age
27:08 Padded Archer Armor
27:15 Crossbowman
28:32 Bodkin Arrow
29:50 Thumb Ring
31:37 Ballistics
31:12 Gold Mining
32:32 Town Watch
33:25 Wheelbarrow
33:08 Leather Archer Armor
34:39 Bow Saw
41:01 Imperial Age
41:26 Hand Cart
41:44 Masonry
42:42 Chemistry
42:40 Bracer
43:55 Arbalester
AztK_Xhelotl_ °_°
2:43 Loom
11:02 Feudal Age
18:04 Castle Age
17:51 Double-Bit Axe
21:34 Wheelbarrow
23:04 Hand Cart
23:03 Horse Collar
23:44 Bow Saw
24:56 Heavy Plow
26:48 Stone Mining
26:49 Gold Mining
27:14 Town Watch
29:44 Gold Shaft Mining
33:46 Careening
36:11 Imperial Age
33:44 Town Patrol
34:07 Ballistics
34:34 Fletching
34:45 Padded Archer Armor
34:50 Scale Barding Armor
34:46 Scale Mail Armor
34:56 Forging
36:30 Nomads
36:34 Pikeman
37:14 Squires
38:14 Squires
37:39 Light Cavalry
39:52 Bodkin Arrow
40:13 Leather Archer Armor
41:30 Chemistry
40:27 Murder Holes
41:06 Conscription
41:06 Heavy Camel Rider
43:23 Bracer
43:58 Iron Casting
43:39 Chain Mail Armor
44:06 Drill
.RamroD.
9:41 Loom
11:46 Feudal Age
12:02 Man-at-Arms
14:06 Man-at-Arms
14:32 Arson
16:04 Wheelbarrow
19:39 Fletching
19:50 Padded Archer Armor
20:30 Horse Collar
25:38 Castle Age
24:06 Stone Mining
29:38 Eagle Warrior
36:35 Elite Skirmisher
40:08 Ballistics
42:57 Imperial Age
45:23 Chemistry
46:09 Gold Mining
45:51 Elite Jaguar Warrior
46:54 Conscription
darkwolf
2:59 Loom
8:57 Loom
13:47 Feudal Age
14:43 Double-Bit Axe
18:01 Fletching
21:26 Castle Age
21:36 Crossbowman
22:23 Thumb Ring
23:19 Husbandry
26:16 Scale Mail Armor
26:24 Scale Barding Armor
33:24 Light Cavalry
35:19 Wheelbarrow
40:15 Forging
41:46 Ballistics
41:38 Masonry
44:09 Gold Mining
48:40 Imperial Age
48:53 Cavalier
51:15 Chemistry
52:37 Chain Mail Armor
52:45 Chain Barding Armor
vickshick
0:31 Loom
7:20 Loom
10:23 Feudal Age
11:12 Double-Bit Axe
12:28 Horse Collar
16:45 Bloodlines
18:59 Forging
24:50 Castle Age
30:20 Imperial Age
28:27 Wheelbarrow
31:57 Conscription
33:22 Husbandry
33:59 Iron Casting
33:15 Fletching
33:50 Ballistics
38:33 Artillery
46:03 Elite Janissary
kingfisher1108
11:08 Feudal Age
14:28 Bloodlines
14:07 Double-Bit Axe
20:13 Horse Collar
29:56 Castle Age
Connection lost

Rejoining the realm…

Still unreachable

The connection could not be restored.

Session expired

The server has moved on; the page needs a fresh start.